 Dungeon Crawl Stone Soup version 0.24.0-2-g5b39cebb1c (webtiles) character file.

Game seed: 2169747593273734227, levelgen mode: deterministic

186 Bobbo the Chiller (level 5, 0/28 HPs)
             Began as a Vampire Ice Elementalist on Oct 30, 2019.
             Was an Initiate of Sif Muna.
             Slain by Grinder (2 damage)
             ... on level 5 of the Dungeon.
             The game lasted 00:11:48 (3528 turns).

Bobbo the Chiller (Vampire Ice Elementalist)        Turns: 3528, Time: 00:11:48

Health: 0/28       AC:  8    Str:  7    XL:     5   Next: 38%
Magic:  3/8        EV: 12    Int: 24    God:    Sif Muna [......]
Gold:   184        SH:  4    Dex: 14    Spells: 1/9 levels left

rFire    + . .     SeeInvis +   a - +2 dagger (venom)
rCold    + + +     Gourm    .   (no shield)
rNeg     + + +     Faith    .   f - +0 robe
rPois    ∞         Spirit   .   (helmet restricted)
rElec    +         Reflect  .   (no cloak)
rCorr    +         Harm     .   (no gloves)
MR       .....                  (no boots)
Stlth    ++++......             (no amulet)
HPRegen  0.00/turn              (no ring)
MPRegen  0.11/turn              (no ring)

@: brilliant, icy armour, resistant, bloodless, regenerating quickly
A: no food, fangs 3, horns 2, large bone plates 1, see invisible, unbreathing
a: Bat Form, Revivify, Renounce Religion


You were on level 5 of the Dungeon.
You worshipped Sif Muna.
Sif Muna was noncommittal.
You were bloodless.

You visited 1 branch of the dungeon, and saw 5 of its levels.

You collected 184 gold pieces.

Inventory:

Hand Weapons
 a - a +2 dagger of venom (weapon)
 h - a +0 whip of flaming
 r - a +1 hand axe of freezing
Missiles
 k - 6 poisoned darts (quivered)
Armour
 f - a +0 robe (worn)
Jewellery
 e - a +6 amulet of reflection {unknown}
Wands
 p - a wand of polymorph (6)
Scrolls
 c - a scroll of blinking {unknown}
 d - 3 scrolls of identify {unknown}
 i - a scroll of amnesia {unknown}
 j - a scroll of magic mapping {unknown}
 n - 3 scrolls of remove curse
 s - a scroll of enchant weapon {unknown}
 t - a scroll of fear {unknown}
Potions
 g - a potion of curing {unknown}
 l - a potion of resistance
 m - a potion of degeneration {unknown}
 o - a potion of brilliance
 q - a potion of flight {unknown}


   Skills:
 - Level 2.2 Dodging
 - Level 3.0 Stealth
 + Level 2.6 Spellcasting
   Level 0.6 Conjurations
 + Level 2.6 Charms
 + Level 0.4 Summonings
 - Level 5.0 Ice Magic


You had one spell level left.
You knew the following spells:

 Your Spells              Type           Power        Failure   Level  Hunger
a - Freeze                Ice            ####         1%          1    N/A
b - Ozocubu's Armour      Chrm/Ice       #####...     1%          3    N/A
c - Summon Ice Beast      Ice/Summ       ####....     4%          4    N/A

Your spell library contained the following spells:

 Spells                   Type           Power        Failure   Level  Hunger
 Throw Frost              Conj/Ice       ####..       1%          2    N/A
 Throw Icicle             Conj/Ice       ####....     4%          4    N/A

Dungeon Overview and Level Annotations

Branches:
Dungeon (5/15)
 Temple: D:4-7

Altars:
Cheibriados
Qazlal
Sif Muna
Uskayaw

Portals:
Ossuary: D:5

Annotations:
D:4 Menkaure
D:5 Grinder


Innate Abilities, Weirdness & Mutations

You do not eat.
You do not regenerate when monsters are visible.
You are frail without blood (-20% HP).
You can heal yourself when you bite living creatures.
You are immune to poison.
You have razor-sharp teeth.
You have supernaturally acute eyesight. (SInv)
You can survive without breathing.
You have a pair of horns on your head.
You are partially covered in large bone plates. (SH +4)


Message History

A chill wind blows around you. Grinder hits you but does no damage.
You hit Grinder.
Grinder is poisoned.
Grinder is lightly wounded.
Grinder misses you.
You closely miss Grinder. Grinder hits you but does no damage.
Your ice beast barely misses Grinder.
It was a potion of mutation.
You feel extremely strange. A pair of horns grows on your head!
Large bone plates grow over parts of your arms.
The horns on your head grow some more. Grinder closely misses you.
Your ice beast hits Grinder but does no damage.
You closely miss Grinder. Grinder closely misses you.
An orc comes into view. It is wielding a +0 short sword.
Your ice beast hits Grinder but does no damage.
You closely miss Grinder.
Grinder is lightly wounded.
Grinder says, "I used to sell toenails on the black market."
Grinder hits you.
You die...

..%. ##..##
...# ##..##
#(..#####..##
#o.##...##
#......##
##....##
#....# #5Y..#
#@...#
#._......#
#..###......
#... ##.....
..... #....
#$.... #.Z.
#.._.. )..
#.....


You could see Grinder, an orc, a bullfrog zombie (dormant) and a friendly ice
beast.

Vanquished Creatures
  A hound (D:5)
  Ijyb (D:3)
  A worker ant (D:4)
  2 adders (D:2)
  2 oozes
  2 worms (D:3)
  2 dart slugs
  A leopard gecko (D:2)
  3 orcs (D:3)
  3 giant cockroaches
  4 goblins
  4 hobgoblins
  12 jackals
  2 quokkas
  5 ball pythons
  9 bats
  3 frilled lizards
  7 kobolds
  6 rats
70 creatures vanquished.

Notes
Turn   | Place    | Note
-------+----------+-------------------------------------------
     0 | D:1      | Bobbo the Vampire Ice Elementalist began the quest for the
                  | Orb.
     0 | D:1      | Reached XP level 1. HP: 13/13 MP: 3/3
   196 | D:1      | Reached XP level 2. HP: 7/15 MP: 0/5
   719 | D:1      | Reached skill level 4 in Ice Magic
  1180 | D:2      | Reached XP level 3. HP: 19/19 MP: 6/6
  1277 | D:2      | Found a snail-covered altar of Cheibriados.
  1292 | D:1      | Learned a level 3 spell: Ozocubu's Armour
  1770 | D:2      | Reached skill level 1 in Charms
  2183 | D:2      | Reached XP level 4. HP: 22/24 MP: 2/7
  2386 | D:3      | Found a shimmering blue altar of Sif Muna.
  2389 | D:3      | Became a worshipper of Sif Muna the Loreminder
  2967 | D:3      | Noticed Ijyb
  2975 | D:3      | Killed Ijyb
  3339 | D:4      | Reached XP level 5. HP: 20/28 MP: 1/8
  3345 | D:4      | Learned a level 4 spell: Summon Ice Beast
  3431 | D:4      | Noticed Menkaure
  3484 | D:5      | Entered Level 5 of the Dungeon
  3484 | D:5      | Found a sand-covered staircase.
  3497 | D:5      | Found a hide-covered altar of Uskayaw.
  3500 | D:5      | Noticed Grinder
  3502 | D:5      | Found a stormy altar of Qazlal.
  3511 | D:5      | Paralysed by Grinder for 5 turns
  3516 | D:5      | Reached skill level 5 in Ice Magic
  3526 | D:5      | Gained mutation: You have a pair of small horns on your
                  | head. [potion of mutation]
  3526 | D:5      | Gained mutation: You are partially covered in large bone
                  | plates. (SH +4) [potion of mutation]
  3526 | D:5      | Gained mutation: You have a pair of horns on your head.
                  | [potion of mutation]
  3528 | D:5      | Slain by Grinder

Levels and vault maps discovered:
D:1:      psy_arrival_radial02, layout_basic
D:2:      cheibrodos_helix_gallery, layout_rooms, kennysheep_slug_shrine
D:3:      layout_loops_cross, lemuel_blue_sif_altar, uniq_ijyb
D:4:      layout_loops_cross, uniq_menkaure, uniq_eustachio
D:5:      layout_layer_cave, overflow_temple_1_default, lemuel_round_altar,
          enter_ossuary_1, first_ration, basic_altar, serial_shops, shop,
          uniq_blork_the_orc, uniq_sigmund, uniq_grinder

Skill      XL: |  1  2  3  4  5 |
---------------+----------------+-----
Ice Magic      | 4 5 |  5.0
Charms         | 1 2 |  2.6
Dodging        | |  2.2
Stealth        | |  3.0
Spellcasting   | |  2.6
Conjurations   | |  0.6
Summonings     | |  0.4

Action                   |  1- 3 |  4- 6 || total
-------------------------+-------+-------++-------
Melee: Unarmed           |    11 |       ||    11
       Hand axe          |    56 |    15 ||    71
       Bite              |     7 |     3 ||    10
       Short sword       |     1 |       ||     1
       Dagger            |       |    34 ||    34
       Whip              |       |     3 ||     3
Throw: Dart              |    17 |    22 ||    39
 Cast: Freeze            |    28 |    20 ||    48
       Ozocubu's Armour  |     2 |     3 ||     5
       Summon Ice Beast  |       |     1 ||     1
 Abil: Exsanguinate      |     1 |       ||     1
Evoke: Wand              |       |     3 ||     3
  Use: Scroll            |       |     2 ||     2
       Potion            |       |     3 ||     3
 Stab: Sleeping          |     8 |     4 ||    12
       Distracted        |     1 |       ||     1
Armor: Robe              |    23 |    20 ||    43
Dodge: Dodged            |    59 |    41 ||   100
